 Dungeon Crawl Stone Soup version 0.28-a0-643-g84cb2ea78e (webtiles) character file.

Game seed: 6904293402397378826

180742 timneilson the Blocker (level 17, -19/129 HPs)
             Began as a Demonspawn Fighter on Oct 11, 2021.
             Was a High Priest of Okawaru.
             Demolished by an ogre (22 damage)
             ... while paralysed by an ogre mage
             ... on level 15 of the Dungeon.
             The game lasted 00:59:14 (32465 turns).

timneilson the Blocker (Demonspawn Fighter)        Turns: 32465, Time: 00:59:14

Health: -19/129    AC: 36    Str: 23    XL:     17   Next: 65%
Magic:  25/25      EV:  2    Int: 10    God:    Okawaru [*****.]
Gold:   2681       SH:  0    Dex: 13    Spells: 16/16 levels left

rFire   + + .      SeeInvis .   k - +3 demon blade (venom)
rCold   + + .      Faith    .   P - +0 tower shield {AC+3}
rNeg    . . .      Spirit   .   M - +4 plate armour {rF+}
rPois   .          Reflect  +   v - +2 hat
rElec   .          Harm     +   (no cloak)
rCorr   .          Rampage  .   (gloves unavailable)
Will    +....                   I - +2 pair of boots of Parts Unknown {Harm rC+}
Stlth   ..........              r - amulet of reflection
HPRegen 0.31/turn               G - +4 ring of protection
MPRegen 0.19/turn               w - ring of protection from fire

@: paralysed, agile
A: icy blue scales 3, foul stench 3, powered by pain 1, demonic touch 3, passive
freeze, sense surroundings 2
a: Renounce Religion, Heroism, Finesse, Duel


You were on level 15 of the Dungeon.
You worshipped Okawaru.
Okawaru was extremely pleased with you.
You visited 4 branches of the dungeon, and saw 24 of its levels.
You also visited: Ossuary, Bailey and Volcano.

You collected 2681 gold pieces.

Inventory:

Hand Weapons
 k - a +3 demon blade of venom (weapon)
 z - a +0 scimitar of flaming
Armour
 v - a +2 hat (worn)
 I - the +2 pair of boots of Parts Unknown (worn) {Harm rC+}
   (Okawaru gifted it to you on level 3 of the Lair of Beasts)

   rC:        It protects you from cold.
   Harm:      It increases damage dealt and taken.
 M - a +4 plate armour of fire resistance (worn)
 P - a +0 tower shield of protection (worn)
Jewellery
 b - a ring of willpower
 i - a ring of resist corrosion
 r - an amulet of reflection (around neck)
 w - a ring of protection from fire (right hand)
 G - a +4 ring of protection (left hand)
 J - a ring of ice
 K - a ring of see invisible
 N - a +6 ring of dexterity
Wands
 a - a wand of polymorph (32)
 c - a wand of paralysis (14)
 o - a wand of digging (5)
 x - a wand of iceblast (75)
 D - a wand of acid (46)
 E - a wand of flame (59)
Scrolls
 h - 3 scrolls of fear
 l - 2 scrolls of blinking
 n - 2 scrolls of silence
 p - 2 scrolls of magic mapping
 q - 5 scrolls of teleportation
 s - 3 scrolls of amnesia
 B - a scroll of enchant weapon
 C - 2 scrolls of fog
Potions
 d - 10 potions of might
 e - 8 potions of lignification
 f - 5 potions of flight
 g - 2 potions of resistance
 j - 2 potions of attraction
 m - 5 potions of cancellation
 t - a potion of invisibility {unknown}
 u - 4 potions of mutation
 A - a potion of haste {unknown}
 F - 2 potions of ambrosia
 H - 3 potions of curing
 L - 2 potions of brilliance
 O - 2 potions of heal wounds
Miscellaneous
 y - a lightning rod (4/4)
 Q - a condenser vane


   Skills:
 + Level 10.3 Fighting
 * Level 12.8 Long Blades
 * Level 12.9 Armour
 + Level 8.9 Dodging
 * Level 13.0 Shields
 + Level 11.3 Invocations
 + Level 9.3 Evocations


You had 16 spell levels left.
You didn't know any spells.
Your spell library contained the following spells:

 Spells                   Type           Power      Damage    Failure   Level
 Pain                     Necr           0%         1d4       100%        1
 Blink                    Tloc           N/A        N/A       100%        2
 Conjure Flame            Conj/Fire      0%         6-21      100%        3
 Ignite Poison            Fire/Tmut/Pois 0%         N/A       100%        3
 Inner Flame              Hex/Fire       0%         N/A       100%        3
 Vampiric Draining        Necr           0%         2d6       100%        3
 Cause Fear               Hex            0%         N/A       100%        4
 Hailstorm                Conj/Ice       0%         3d3       100%        4
 Ice Form                 Ice/Tmut       0%         N/A       100%        4
 Passage of Golubria      Tloc           N/A        N/A       100%        4
 Sticky Flame             Conj/Fire      0%         2d3       100%        4
 Borgnjor's Vile Clutch   Necr/Erth      0%         N/A       100%        5
 Manifold Assault         Tloc           0%         N/A       100%        5
 Silence                  Hex/Air        0%         N/A       100%        5
 Storm Form               Tmut/Air       0%         N/A       100%        7
 Discord                  Hex            0%         N/A       100%        8
 Lehudib's Crystal Spear  Conj/Erth      0%         10d2      100%        8
 Animate Skeleton         Necr           Unusable   N/A       N/A         1
 Animate Dead             Necr           Unusable   N/A       N/A         4
 Death Channel            Necr           Unusable   N/A       N/A         6
 Simulacrum               Ice/Necr       Unusable   N/A       N/A         6

Dungeon Overview and Level Annotations

Branches:
Dungeon (15/15)            Temple (1/1) D:6            Lair (6/6) D:11
 Shoals (0/4) Lair:2       Spider (0/4) Lair:4        Slime (0/5) Lair:5
    Orc (2/2) D:9             Elf (0/3) Orc:2        Vaults (0/5) D:13
Ossuary (visited)          Bailey (visited)         Volcano (visited)
 Depths: D:15

Altars:
Ashenzari
Cheibriados
Dithmenos
Elyvilon
Fedhas
Gozag
Hepliaklqana
Kikubaaqudgha
Makhleb
Nemelex Xobeh
Okawaru
Qazlal
Ru
Sif Muna
Trog
Uskayaw
Vehumet
Wu Jian
Xom
Yredelemnul
Zin
The Shining One
Jiyva
Lugonu

Shops:
D:9 [(   D:11 [   Orc:1 [*   Orc:2 *([=

Portals:
Abyss: Lair:6

Annotations:
D:4 1 runed translucent door, bande's ghost, amateur GrFi
D:10 1 runed translucent door
Lair:1 2 transporters
Lair:4 3 runed translucent doors, Beilucy's ghost, journeyman FoFi; Juirae's ghost, journeyman TrMo; Tudeus's ghost, journeyman DDFi; Ucinyis's ghost, journeyman MfBe


Innate Abilities, Weirdness & Mutations

You are completely covered in icy blue scales. (AC +4, rC+)
You frequently emit foul miasma when damaged in melee.
You sometimes gain a little power by taking damage.
Your touch may irresistibly damage your foes and sap their willpower.
A frigid envelope surrounds you and freezes all who hurt you.
You passively map the area around you.


Message History

The two-headed ogre is very cold.
The two-headed ogre is heavily wounded.
The two-headed ogre hits you with a +0 giant club!
The two-headed ogre is very cold.
The two-headed ogre is severely wounded.
The centaur warrior shoots an arrow.
The arrow hits you.
The ogre mage gestures wildly while chanting.
The ogre mage flickers and vanishes!
Deactivating autopickup; reactivate with Ctrl-A.
The ogre hits you but does no damage.
The ogre is very cold.
The ogre is moderately wounded.
The centaur warrior shoots an arrow.
The arrow hits you but does no damage.
The ogre is engulfed in dark miasma.
The ogre is poisoned.
The ogre seems to slow down.
The ogre hits you but does no damage.
The ogre is very cold.
The ogre is severely wounded.
The centaur warrior shoots an arrow.
The arrow hits you but does no damage. The ogre hits you but does no damage.
The ogre is very cold.
The ogre is almost dead.
The two-headed ogre is engulfed in dark miasma.
The two-headed ogre looks even sicker.
The two-headed ogre hits you with a +0 giant club!
* * * LOW HITPOINT WARNING * * *
The two-headed ogre is very cold.
You kill the two-headed ogre!
Okawaru accepts your kill.
The centaur warrior shoots an arrow.
The arrow hits you.
* * * LOW HITPOINT WARNING * * *
The ogre barely misses you.
The centaur warrior shoots an arrow.
The arrow hits you!
* * * LOW HITPOINT WARNING * * *
The ogre is engulfed in dark miasma.
The ogre looks even sicker.
You kill the ogre!
Okawaru accepts your kill. The ogre hits you with a +0 giant club!
* * * LOW HITPOINT WARNING * * *
The ogre is very cold.
The ogre is severely wounded.
The ogre hits you with a +0 giant club!!
You die...

,8 , , , , , ,#..... , ,
#..... ,, , , *, *+.....
,,, ,* *#....# ,,,
*,,*,,#....#####+####..##
* ,* #.................#
, , #..O°O............#
#...@O............# , , ,
#....§............# ,,
##.................# ,,
** #..................# ,
* #....)..............#
*..##..####.....##...####
*, *#
*#..####.....##'###...
.c..#...........)<..#. ,
,.....#...............#.


You could see a centaur warrior and 3 ogres.

Vanquished Creatures
  Gastronok (Lair:3)
  2 orc warlords
  An ironbound preserver (D:13)
  A fire dragon (D:13)
  8 hydras
  6 boulder beetles
  6 centaur warriors
  Erica (D:8)
  A dancing weapon (Volcano)
  6 two-headed ogres
  3 death yaks
  4 thrashing horrors (Lair:6)
  5 orc high priests (Orc:2)
  4 skeletal warriors
  8 orc knights
  8 wizards
  2 deep elf pyromancers (D:12)
  An orc sorcerer (Orc:2)
  A deep elf zephyrmancer (D:12)
  4 manticores
  4 cyclopes (D:13)
  5 ugly things (D:14)
  3 black mambas
  5 toenail golems (Volcano)
  21 elephants
  3 gargoyles
  A cane toad (shapeshifter) (Lair:6)
  An efreet (D:14)
  A smoke demon (Lair:6)
  2 kobold demonologists
  A rime drake (Lair:6)
  13 cane toads
  16 komodo dragons
  3 unseen horrors
  2 ancient zymes (Lair:6)
  A polar bear (Lair:3)
  9 trolls
  A wind drake (Lair:2)
  10 slime creatures
  30 blink frogs
  A hornet (D:9)
  A centaur simulacrum (D:15)
  2 shadows
  A yak (shapeshifter) (D:13)
  43 yaks
  A tarantella (shapeshifter) (D:14)
  8 wyverns
  2 ynoxinuls (Lair:6)
  A wraith (D:13)
  A vampire (D:10)
  10 basilisks
  11 small abominations (Lair:6)
  4 steam dragons
  A vampire mosquito (D:13)
  2 chaos spawn (Lair:6)
  Edmund (D:6)
  11 water moccasins
  A warg (Orc:2)
  2 acid dragons
  2 large abominations (Lair:6)
  2 ice beasts
  34 orc warriors
  3 black bears
  6 ogres
  9 boggarts
  2 necrophages
  11 wolves
  10 centaurs
  An elf zombie (Ossuary)
  7 kobold brigands
  A phantom (D:5)
  17 bullfrogs
  2 gnoll sergeants
  10 scorpions
  3 water moccasin zombies
  6 killer bees (D:8)
  4 wights
  4 electric eels
  5 howler monkeys
  4 centaur zombies
  A human zombie (Ossuary)
  A hound (D:5)
  A hound (shapeshifter) (D:13)
  4 orc priests
  A centaur skeleton (D:7)
  A jelly (D:5)
  A bullfrog skeleton (D:5)
  Jessica (D:2)
  6 iguanas
  15 orc wizards
  3 hell rats (Lair:5)
  2 mummies (Ossuary)
  17 gnolls
  A howler monkey skeleton (D:6)
  7 river rats
  6 adders
  A shadow imp (D:6)
  A white imp (D:5)
  An adder skeleton (D:4)
  3 worms
  2 dart slugs
  68 orcs
  10 ball pythons
  4 bats
  An endoplasm (D:1)
  9 giant cockroaches
  4 gnoll zombies (Ossuary)
  24 goblins
  24 hobgoblins
  5 jackals
  21 kobolds
  3 quokkas
  3 frilled lizards
  3 hobgoblin zombies (Ossuary)
  5 orc zombies (Ossuary)
  15 rats
  2 rat zombies (D:7)
729 creatures vanquished.

Vanquished Creatures (others)
  32 fungi
  53 plants
  2 withered plants (Lair:4)
87 creatures vanquished.

Grand Total: 816 creatures vanquished

Notes
Turn   | Place    | Note
-------+----------+-------------------------------------------
     0 | D:1      | timneilson the Demonspawn Fighter began the quest for the
                  | Orb.
     0 | D:1      | Reached XP level 1. HP: 18/18 MP: 1/1
   249 | D:1      | Gained mutation: Your touch may inflict minor irresistible
                  | damage on your foes. [demonic ancestry]
   249 | D:1      | Reached XP level 2. HP: 24/24 MP: 2/2
   372 | D:1      | Reached skill level 3 in Shields
   909 | D:2      | Reached XP level 3. HP: 29/29 MP: 3/3
  1522 | D:2      | Reached XP level 4. HP: 35/35 MP: 4/4
  1590 | D:2      | Found a faded altar of an unknown god.
  1630 | D:2      | HP: 1/35 [poisoned by an adder]
  2213 | D:2      | Noticed Jessica
  2218 | D:2      | Killed Jessica
  2219 | D:2      | Reached skill level 1 in Dodging
  2368 | D:3      | Reached XP level 5. HP: 21/41 MP: 5/5
  2619 | D:3      | Noticed a centaur
  2634 | D:3      | Killed a centaur
  2909 | D:3      | Gained mutation: You may rarely emit foul miasma when
                  | damaged in melee. [demonic ancestry]
  2909 | D:3      | Reached XP level 6. HP: 41/47 MP: 6/6
  3109 | D:3      | Found a sparkling altar of Nemelex Xobeh.
  3585 | D:4      | Found a hazy altar of Hepliaklqana.
  3589 | D:4      | Found an opulent altar of Gozag.
  3589 | D:4      | Found a hide-covered altar of Uskayaw.
  3604 | D:4      | Reached skill level 4 in Shields
  3714 | D:4      | Found an ancient bone altar of Kikubaaqudgha.
  4662 | D:4      | Found a runed translucent door.
  4666 | D:4      | Noticed bande's ghost (amateur GrFi)
  4680 | D:4      | Reached XP level 7. HP: 39/53 MP: 7/7
  5099 | D:5      | Entered Level 5 of the Dungeon
  5345 | D:5      | Reached skill level 5 in Armour
  5345 | D:5      | Reached skill level 5 in Shields
  5613 | D:5      | Found an ornate altar of the Wu Jian Council.
  5617 | D:5      | Gained mutation: You are partially covered in icy blue
                  | scales. (AC +2) [demonic ancestry]
  5617 | D:5      | Reached XP level 8. HP: 59/60 MP: 8/8
  6231 | D:5      | Reached skill level 1 in Evocations
  6345 | D:6      | Found a staircase to the Ecumenical Temple.
  6353 | Temple   | Entered the Ecumenical Temple
  6586 | Temple   | Became a worshipper of Warmaster Okawaru
  6662 | D:6      | Reached skill level 5 in Long Blades
  6825 | D:6      | Found a snail-covered altar of Cheibriados.
  6826 | D:6      | Found a broken altar of Ashenzari.
  6839 | D:6      | Found a radiant altar of Vehumet.
  6842 | D:6      | Found a stormy altar of Qazlal.
  7339 | D:6      | Noticed Edmund
  7379 | D:6      | Killed Edmund
  7394 | D:6      | Reached * piety under Okawaru
  7395 | D:6      | Gained mutation: You are mostly covered in icy blue scales.
                  | (AC +3) [demonic ancestry]
  7395 | D:6      | Reached XP level 9. HP: 37/67 MP: 9/9
  7402 | D:6      | Reached skill level 6 in Shields
  7694 | D:7      | Reached skill level 5 in Fighting
  7716 | D:7      | Found a sand-covered staircase.
  7728 | Ossuary  | Entered an ossuary
  7765 | Ossuary  | Reached skill level 1 in Invocations
  8611 | D:7      | Noticed a troll
  8620 | D:7      | Killed a troll
  8669 | D:8      | Reached ** piety under Okawaru
  9395 | D:8      | Noticed Erica
  9436 | D:8      | HP: 1/68 [something (14)]
  9444 | D:8      | Killed Erica
  9445 | D:8      | Reached skill level 7 in Shields
  9445 | D:8      | Gained mutation: You sometimes gain a little power by
                  | taking damage. [demonic ancestry]
  9445 | D:8      | Reached XP level 10. HP: 27/75 MP: 12/12
 10255 | D:9      | Found Runkasha's Weapon Shop.
 10255 | D:9      | Found a staircase to the Orcish Mines.
 10263 | D:9      | Reached *** piety under Okawaru
 10631 | D:9      | Found Vufisme's Armour Shop.
 11037 | D:9      | Gained mutation: You sometimes lose the ability to read
                  | scrolls when taking damage. [a neqoxec]
 11041 | D:9      | Gained mutation: You are clumsy. (Dex -2) [a neqoxec]
 11043 | D:9      | Noticed a soul eater
 11268 | D:9      | Reached **** piety under Okawaru
 11643 | D:10     | Entered Level 10 of the Dungeon
 11719 | D:10     | Noticed a two-headed ogre
 11719 | D:10     | Noticed a two-headed ogre
 11736 | D:10     | Killed a two-headed ogre
 11739 | D:10     | Killed a two-headed ogre
 11740 | D:10     | Reached XP level 11. HP: 73/82 MP: 7/14
 11752 | D:10     | Reached skill level 5 in Dodging
 11764 | D:10     | Reached skill level 8 in Shields
 11767 | D:10     | Reached skill level 5 in Invocations
 12081 | D:10     | Reached ***** piety under Okawaru
 12085 | D:10     | Received a gift from Okawaru
 12432 | D:10     | Noticed a wizard
 12447 | D:10     | Killed a wizard
 12499 | D:10     | Found a runed translucent door.
 12506 | D:10     | Found a runed translucent door.
 12641 | D:10     | Reached skill level 5 in Evocations
 13326 | D:11     | Noticed a skeletal warrior
 13326 | D:11     | Noticed a skeletal warrior
 13328 | D:11     | Noticed a skeletal warrior
 13336 | D:11     | Noticed a skeletal warrior
 13339 | D:11     | Killed a skeletal warrior
 13339 | D:11     | Received a gift from Okawaru
 13354 | D:11     | Killed a skeletal warrior
 13380 | D:10     | HP: 2/83 [skeletal warrior[a skeletal warrior] (8)]
 13383 | D:10     | Killed a skeletal warrior
 13743 | D:11     | Killed a skeletal warrior
 14062 | D:11     | Noticed a two-headed ogre
 14077 | D:11     | Killed a two-headed ogre
 14084 | D:11     | Noticed a death yak
 14086 | D:11     | Noticed a death yak
 14125 | D:10     | Killed a death yak
 14126 | D:10     | Reached skill level 9 in Shields
 14126 | D:10     | Gained mutation: You sometimes emit foul miasma when
                  | damaged in melee. [demonic ancestry]
 14126 | D:10     | Reached XP level 12. HP: 34/91 MP: 13/16
 14353 | D:11     | Noticed a death yak
 14363 | D:10     | Killed a death yak
 14375 | D:11     | Killed a death yak
 14399 | D:11     | Found Jiagizid's Antique Armour Emporium.
 14423 | D:11     | Noticed a two-headed ogre
 14802 | D:11     | Found a staircase to the Lair.
 15109 | Lair:1   | Entered Level 1 of the Lair of Beasts
 15109 | Lair:1   | Noticed a four-headed hydra
 15120 | D:11     | Killed a one-headed hydra
 16412 | Lair:1   | Received a gift from Okawaru
 16533 | Lair:1   | Found a transporter.
 16562 | Lair:1   | Found a transporter.
 17560 | Lair:2   | Received a gift from Okawaru
 17624 | Lair:2   | Noticed a boulder beetle
 17638 | Lair:2   | Killed a boulder beetle
 17852 | Lair:2   | Found a staircase to the Shoals.
 18127 | Lair:2   | Gained mutation: You frequently emit foul miasma when
                  | damaged in melee. [demonic ancestry]
 18127 | Lair:2   | Reached XP level 13. HP: 94/98 MP: 18/18
 18402 | Lair:2   | Reached skill level 10 in Shields
 18517 | Lair:3   | Noticed Gastronok
 18530 | Lair:3   | Killed Gastronok
 18531 | Lair:3   | Reached skill level 10 in Armour
 19559 | Lair:3   | HP: 2/98 [blink frog (14)]
 19563 | Lair:3   | Reached skill level 10 in Long Blades
 19964 | Lair:3   | Identified the +2 pair of boots of Parts Unknown {Harm rC+}
                  | (Okawaru gifted it to you on level 3 of the Lair of Beasts)
 19964 | Lair:3   | Received a gift from Okawaru
 21041 | Lair:4   | Found a runed translucent gate.
 21041 | Lair:4   | Found a runed translucent gate.
 21041 | Lair:4   | Found a runed translucent gate.
 21042 | Lair:4   | Noticed Beilucy's ghost (journeyman FoFi)
 21042 | Lair:4   | Noticed Tudeus's ghost (journeyman DDFi)
 21042 | Lair:4   | Noticed Juirae's ghost (journeyman TrMo)
 21042 | Lair:4   | Noticed Ucinyis's ghost (journeyman MfBe)
 21158 | Lair:4   | Found a hole to the Spider Nest.
 21181 | Lair:4   | You fall into a shaft and drop 1 floor!
 22824 | Lair:5   | Found a staircase to the Slime Pits.
 22828 | Lair:5   | Found a viscous altar of Jiyva.
 23392 | Lair:6   | Entered Level 6 of the Lair of Beasts
 23511 | Lair:6   | Received a gift from Okawaru
 23535 | Lair:6   | Gained mutation: You are completely covered in icy blue
                  | scales. (AC +4, rC+) [demonic ancestry]
 23535 | Lair:6   | Reached XP level 14. HP: 98/106 MP: 20/20
 23626 | Lair:6   | Reached skill level 11 in Shields
 24694 | Lair:6   | Reached ****** piety under Okawaru
 24780 | Lair:6   | Received a gift from Okawaru
 24844 | Lair:6   | Received a gift from Okawaru
 25759 | Lair:6   | Found a corrupted altar of Lugonu.
 25759 | Lair:6   | Found a one-way gate to the infinite horrors of the Abyss.
 26058 | Orc:1    | Entered Level 1 of the Orcish Mines
 26058 | Orc:1    | Found Naurud's Antique Armour Boutique.
 26262 | Orc:1    | Found Noxycim's Mass Market.
 26488 | Orc:2    | Entered Level 2 of the Orcish Mines
 26643 | Orc:2    | Found a dark tunnel.
 26651 | Volcano  | Entered a volcano
 26845 | Volcano  | Lost mutation: You are clumsy. (Dex -2) [potion of
                  | mutation]
 26845 | Volcano  | Lost mutation: You sometimes lose the ability to read
                  | scrolls when taking damage. [potion of mutation]
 26845 | Volcano  | Gained mutation: A frigid envelope surrounds you and
                  | freezes all who hurt you. [potion of mutation]
 26845 | Volcano  | Gained mutation: You passively map a small area around you.
                  | [potion of mutation]
 26845 | Volcano  | Gained mutation: You passively map the area around you.
                  | [potion of mutation]
 27130 | Orc:2    | Found Hajivy's Antique Weapon Emporium.
 27144 | Orc:2    | Reached skill level 10 in Invocations
 27358 | Orc:2    | Found Hiorphie's General Store.
 27495 | Orc:2    | Found a staircase to the Elven Halls.
 27500 | Orc:2    | Noticed an orc warlord
 27546 | Orc:2    | Received a gift from Okawaru
 27871 | Orc:2    | Reached XP level 15. HP: 114/114 MP: 22/22
 27887 | Orc:2    | Killed an orc warlord
 28228 | Orc:2    | Found Ulierghoedu's Antique Armour Shop.
 28254 | Orc:2    | Found Ogitiremosch's Jewellery Emporium.
 28864 | D:12     | Reached skill level 12 in Shields
 29511 | D:13     | Found the +8 Vampire's Tooth {vamp}
 29527 | D:13     | Found a gate to the Vaults.
 29594 | D:13     | Identified the amulet of Adonob {Acrobat rF+ rN+ rCorr
                  | Int-5}
 29626 | D:13     | Found a flagged portal.
 29642 | Bailey   | Entered a bailey
 29867 | Bailey   | Received a gift from Okawaru
 29919 | Bailey   | Noticed an orc warlord
 29937 | Bailey   | Killed an orc warlord
 30169 | Bailey   | Gained mutation: Your touch may inflict irresistible damage
                  | on your foes. [demonic ancestry]
 30169 | Bailey   | Reached XP level 16. HP: 122/122 MP: 22/24
 30170 | Bailey   | Reached skill level 10 in Fighting
 30170 | Bailey   | Gained mutation: Your touch may irresistibly damage your
                  | foes and sap their willpower. [demonic ancestry]
 30170 | Bailey   | Reached XP level 17. HP: 128/128 MP: 22/25
 30864 | D:13     | Identified the +0 hand axe of Abiwk {holy, Str+4}
 32299 | D:15     | Entered Level 15 of the Dungeon
 32318 | D:15     | Reached skill level 13 in Shields
 32460 | D:15     | Paralysed by an ogre mage for 5 turns
 32465 | D:15     | HP: 3/129 [ogre (9)]
 32465 | D:15     | Demolished by an ogre

Illustrated notes

Levels and vault maps discovered:
D:1:      dpeg_arrival_court, layout_basic
D:2:      minmay_general_purpose_star, layout_loops_ring,
          shapermc_ecumenical_altar_mp_vishouse, minmay_shallow_snake_nest,
          uniq_jessica
D:3:      layout_basic, nemelex_diamond_rough_becter
D:4:      layout_basic, grunt_temple_overflow_open, kiku_gazebo_garden_becter,
          gammafunk_ghost_grave, serial_bayou_pond_a, kennysheep_generic_room_5
D:5:      layout_gridville, overflow_temple_1_default
D:6:      layout_basic, minitemple, temple_statues, minmay_increasing_density,
          uniq_edmund
D:7:      layout_rooms, enter_ossuary_4, roderic_lattice_a, grunt_decor_cap
D:8:      layout_rooms, grunt_decor_resistance, nicolae_underground_beach,
          uniq_erica
D:9:      layout_roguey, orc_david_3
D:10:     lemuel_insect_pit, layout_small_grid, minmay_joined_circles
D:11:     layout_gridville, dpeg_lair_monsters, serial_shops,
          nicolae_shop_waterfront, amethyst_killhole
D:12:     layout_cave_pods, minivault_26, billiards_dpeg
D:13:     minmay_the_grid_triangle_9x9_recursive_2_mashed
          [minmay_the_grid_triangle_9x9_prize_top_heavy,
          minmay_the_grid_triangle_9x9_semitri,
          minmay_the_grid_triangle_9x9_skeleton,
          minmay_the_grid_triangle_9x9_swiss_cheese], layout_rooms,
          skrybe_vaults_entry_preservation, enter_bailey_7
D:14:     layout_basic, hangedman_decor_clover_reticule
D:15:     grunt_enter_depths_hoard, layout_gridville, minmay_misc_feat_columns,
          amcnicky_mini_corridor_feature, minmay_misc_feat_cross, uniq_agnes,
          uniq_rupert
Temple:   dpeg_chambers_temple
Lair:1:   gammafunk_worm_tunnel, layout_long_grid, grunt_megastairs_2,
          serial_bayou_shore_a
Lair:2:   layout_roguey, minmay_shoals_entry_beasts
Lair:3:   layout_cellular_growth, infiniplex_staircase_pool_2, uniq_gastronok
Lair:4:   layout_misc_corridors, spider_nest_entry_web_field,
          gammafunk_ghost_cemetery, chequers_serial_rivers_micro_a
Lair:5:   layout_concentric_octagons, slime_altar_1, serial_bayou,
          serial_bayou_lake_a, serial_bayou_pond_b, serial_bayou_pond_d,
          serial_bayou_pond_a, kennysheep_abandoned_house
Lair:6:   hellmonk_lair_end_abyssal_woods, layout_cave_pods
Orc:1:    layout_caves, serial_shops, nicolae_shop_statue_plus, minmay_shop_mass
Orc:2:    grunt_orc_gardens, layout_diamond_mine, grunt_orc_garden,
          grunt_orc_garden, grunt_orc_garden, grunt_orc_garden,
          lightli_volcano_entry_magma_tube

Skill      XL: |  1  2  3  4  5  6  7  8  9 10 11 12 13 14 15 16 17 |
---------------+----------------------------------------------------+-----
Long Blades    | 2 3 4 5 6 7 8 9 10 11 12 | 12.8
Shields        | 3 4 5 7 9 10 11 12 13 | 13.0
Armour         | 3 4 5 6 7 9 10 11 12 | 12.9
Dodging        | 1 2 3 4 5 6 7 8 |  8.9
Fighting       | 4 5 6 7 8 9 10 | 10.3
Evocations     | 2 3 4 5 6 7 8 9 |  9.3
Invocations    | 3 4 6 7 8 10 11 | 11.3

Action                   |  1- 3 |  4- 6 |  7- 9 | 10-12 | 13-15 | 16-18 || total
-------------------------+-------+-------+-------+-------+-------+-------++-------
Melee: Long sword        |    89 |    30 |       |       |       |       ||   119
       Demon blade       |       |   111 |   384 |   760 |  1207 |   193 ||  2655
       Scimitar          |       |       |       |     6 |    24 |     5 ||    35
Invok: Heroism           |       |       |     2 |    12 |    18 |     1 ||    33
       Finesse           |       |       |       |     3 |     4 |       ||     7
  Use: Scroll            |     3 |     2 |     7 |     4 |     8 |     2 ||    26
       Potion            |     1 |     2 |     5 |     5 |     4 |     1 ||    18
Armor: Scale mail        |    47 |    38 |       |       |       |       ||    85
       Skin              |       |    32 |       |       |       |       ||    32
       Chain mail        |       |       |   181 |   130 |       |       ||   311
       Plate armour      |       |       |       |   170 |   451 |   114 ||   735
Dodge: Dodged            |    39 |    58 |   126 |   210 |   266 |    40 ||   739
Block: Buckler           |    20 |    24 |   155 |    44 |       |       ||   243
       Reflection        |       |       |     2 |     9 |     6 |    19 ||    36
       Kite shield       |       |       |       |   547 |   965 |       ||  1512
       Tower shield      |       |       |       |       |    16 |   210 ||   226

Table legend: (Time is in decaauts)
 A = Elapsed time spent in this place.
 B = Non-inter-level travel time spent in this place.
 C = Inter-level travel time spent in this place.
 D = Time resting spent in this place.
 E = Time spent auto-exploring this place.
 F = Levels seen in this place.
 G = Mean time per level.
                   A        B        C        D        E       F      G
               +--------+--------+--------+--------+--------+-----+--------+
         Total |  32152 |  31244 |    908 |   4358 |  21210 |  27 | 1190.8 |
       Dungeon |  18227 |  17652 |    575 |   2034 |  12609 |  15 | 1215.1 |
        Temple |    254 |    213 |     41 |      0 |    203 |   1 |  254.0 |
          Lair |  10535 |  10293 |    242 |   1695 |   6836 |   6 | 1755.8 |
  Orcish Mines |   1890 |   1841 |     49 |    439 |   1035 |   2 |  945.0 |
       Ossuary |    381 |    381 |      0 |    190 |     97 |   1 |  381.0 |
        Bailey |    518 |    518 |      0 |      0 |    274 |   1 |  518.0 |
       Volcano |    344 |    344 |      0 |      0 |    155 |   1 |  344.0 |
               +--------+--------+--------+--------+--------+-----+--------+

Top non-repeatable levels by time:
  Lair:6: 2407 daAuts
    D:10: 1872 daAuts
  Lair:3: 1829 daAuts
    D:11: 1819 daAuts
  Lair:1: 1731 daAuts
  Lair:4: 1611 daAuts
     D:4: 1593 daAuts
  Lair:5: 1485 daAuts
  Lair:2: 1470 daAuts
     D:2: 1417 daAuts
     D:9: 1354 daAuts
     D:3: 1282 daAuts
     D:8: 1272 daAuts
     D:5: 1202 daAuts
    D:13: 1153 daAuts
